 Dungeon Crawl Stone Soup version 0.25-a0-94-g9e23508adf (webtiles) character file.

Game seed: 10562400079987459252, levelgen mode: deterministic

299 Babblarna the Magician (level 6, -2/44 HPs)
             Began as a Gnoll Wizard on Nov 11, 2019.
             Slain by an orc wizard
             ... wielding a +0 dagger
              (6 damage)
             ... on level 3 of the Dungeon.
             The game lasted 00:13:55 (3450 turns).

Babblarna the Magician (Gnoll Wizard)               Turns: 3450, Time: 00:13:55

Health: -2/44      AC:  2    Str:  9    XL:     6   Next: 36%
Magic:  0/16       EV: 15    Int: 22    God:
Gold:   141        SH:  0    Dex: 14    Spells: 8/19 levels left

rFire    . . .     SeeInvis .   g - -1 hand axe (curse)
rCold    . . .     Gourm    .   (no shield)
rNeg     . . .     Faith    .   a - +0 robe
rPois    .         Spirit   .   b - +0 hat
rElec    .         Reflect  .   (no cloak)
rCorr    .         Harm     .   (no gloves)
MR       .....                  (no boots)
Stlth    +++.......             (no amulet)
HPRegen  0.14/turn              (no ring)
MPRegen  0.15/turn              (no ring)

@: lethally poisoned (-2 -> -4), very slightly contaminated
A: distributed training, fangs 1, strong nose
a: no special abilities


You were on level 3 of the Dungeon.
You were hungry.

You visited 1 branch of the dungeon, and saw 4 of its levels.

You collected 141 gold pieces.

Inventory:

Hand Weapons
 g - a cursed -1 hand axe (weapon)
 n - a +2 short sword of holy wrath
Armour
 a - a +0 robe (worn)
 b - a +0 hat (worn)
Jewellery
 r - a cursed -3 ring of dexterity {unknown}
Wands
 q - a wand of digging (2)
Scrolls
 e - 4 scrolls of identify {unknown}
 f - 3 scrolls of amnesia {unknown}
 h - a scroll of enchant weapon {unknown}
 i - 2 scrolls of remove curse {unknown}
 j - 2 scrolls of fear {unknown}
 k - a scroll of noise {unknown}
 o - a scroll of magic mapping {unknown}
 p - 5 scrolls of teleportation {unknown}
Potions
 c - a potion of might {unknown}
 l - 2 potions of invisibility {unknown}
 s - a potion of brilliance {unknown}
Comestibles
 d - 4 rations


   Skills:
 + Level 1.9 Fighting
 + Level 1.9 Short Blades
 + Level 1.9 Long Blades
 + Level 1.9 Axes
 + Level 1.9 Maces & Flails
 + Level 1.9 Polearms
 + Level 1.9 Staves
 + Level 1.9 Slings
 + Level 1.9 Bows
 + Level 1.9 Crossbows
 + Level 1.9 Throwing
 + Level 1.9 Armour
 + Level 4.9 Dodging
 + Level 4.5 Stealth
 + Level 1.9 Shields
 + Level 1.9 Unarmed Combat
 + Level 7.4 Spellcasting
 + Level 2.6 Conjurations
 + Level 1.5 Hexes
 + Level 1.5 Charms
 + Level 2.6 Summonings
 + Level 1.5 Necromancy
 + Level 2.6 Translocations
 + Level 1.5 Transmutations
 + Level 1.5 Fire Magic
 + Level 1.5 Ice Magic
 + Level 1.5 Air Magic
 + Level 1.5 Earth Magic
 + Level 1.5 Poison Magic
 + Level 2.1 Invocations
 + Level 1.9 Evocations


You had 8 spell levels left.
You knew the following spells:

 Your Spells              Type           Power        Failure   Level  Hunger
a - Magic Dart            Conj           ###.         2%          1    None
b - Blink                 Tloc           N/A          4%          2    None
c - Conjure Flame         Conj/Fire      ###.....     11%         3    None
d - Mephitic Cloud        Conj/Pois/Air  ###.....     11%         3    None
e - Call Imp              Summ           ###.....     4%          2    None

Your spell library contained the following spells:

 Spells                   Type           Power        Failure   Level  Hunger
 Slow                     Hex            ##......     6%          2    None


Dungeon Overview and Level Annotations

Branches:
Dungeon (4/15)
 Temple: D:4-7

Altars:


Innate Abilities, Weirdness & Mutations

Your experience applies equally to all skills.
You have very sharp teeth.
Your uncanny sense of smell can sniff out nearby items.


Message History

The puff of frost hits you!
* * * LOW HITPOINT WARNING * * *
The adder skeleton misses you.
Your white imp misses something.
The orc barely misses something.
You feel sick. Something hits you but does no damage.
The worker ant barely misses you. The adder skeleton barely misses you.
Your white imp closely misses something.
Something hits you.
* * * LOW HITPOINT WARNING * * *
You climb upwards.
Your summoned allies are left behind.
Reactivating autopickup.
You feel sick.
There is a stone staircase leading down here.
Casting: Call Imp (safe; 4% risk of failure)
Confirm with . or Enter, or press ? or * to list all spells.
You blink.
The worker ant completely misses you. The worker ant misses you.
Casting: Blink (safe; 4% risk of failure)
Confirm with . or Enter, or press ? or * to list all spells.
You blink.
You feel sick. Something hits you.
You die...

#.# #.# #.## #.# #..#
#####.####### ##.#
#.).........# #.#
#.#########.. #[#
#..).....###.
####.###..8...8..##.
#.....#...........#.
#..@..#..........⌠#.
#...a.............#.
#...§.##..8...8..##.
#.§...##........###.
###..###.#########..
#..# #...........#
#.## ##########.##
#####.######.######.##
#...........#......#..


You could see a worker ant.

Vanquished Creatures
  3 orc priests (D:3)
  An orc wizard (D:3)
  7 gnolls
  3 adders
  2 worms (D:2)
  A dart slug (D:3)
  2 leopard geckos (D:2)
  9 orcs (D:3)
  11 bats
  6 giant cockroaches
  11 goblins
  9 hobgoblins
  2 quokkas (D:3)
  A ball python (D:2)
  3 frilled lizards
  10 kobolds
  8 rats
89 creatures vanquished.

Vanquished Creatures (collateral kills)
  4 orcs (D:4)
4 creatures vanquished.

Grand Total: 93 creatures vanquished

Notes
Turn   | Place    | Note
-------+----------+-------------------------------------------
     0 | D:1      | Babblarna the Gnoll Wizard began the quest for the Orb.
     0 | D:1      | Reached XP level 1. HP: 13/13 MP: 8/8
   113 | D:1      | Reached XP level 2. HP: 19/19 MP: 7/10
   310 | D:1      | Reached XP level 3. HP: 25/25 MP: 3/11
   600 | D:2      | Reached skill level 1 in Invocations
   944 | D:2      | Reached skill level 1 in Fighting
   944 | D:2      | Reached skill level 1 in Short Blades
   944 | D:2      | Reached skill level 1 in Long Blades
   944 | D:2      | Reached skill level 1 in Axes
   944 | D:2      | Reached skill level 1 in Maces & Flails
   944 | D:2      | Reached skill level 1 in Polearms
   944 | D:2      | Reached skill level 1 in Staves
   944 | D:2      | Reached skill level 1 in Slings
   944 | D:2      | Reached skill level 1 in Bows
   944 | D:2      | Reached skill level 1 in Crossbows
   944 | D:2      | Reached skill level 1 in Throwing
   944 | D:2      | Reached skill level 1 in Armour
   944 | D:2      | Reached skill level 1 in Shields
   944 | D:2      | Reached skill level 1 in Unarmed Combat
   944 | D:2      | Reached skill level 1 in Evocations
  1116 | D:2      | Reached XP level 4. HP: 31/32 MP: 2/13
  1324 | D:2      | Learned a level 2 spell: Blink
  1328 | D:2      | Learned a level 3 spell: Conjure Flame
  1336 | D:2      | Learned a level 3 spell: Mephitic Cloud
  1652 | D:2      | Reached skill level 1 in Hexes
  1652 | D:2      | Reached skill level 1 in Charms
  1652 | D:2      | Reached skill level 1 in Necromancy
  1652 | D:2      | Reached skill level 1 in Transmutations
  1652 | D:2      | Reached skill level 1 in Fire Magic
  1652 | D:2      | Reached skill level 1 in Ice Magic
  1652 | D:2      | Reached skill level 1 in Air Magic
  1652 | D:2      | Reached skill level 1 in Earth Magic
  1652 | D:2      | Reached skill level 1 in Poison Magic
  2050 | D:3      | Reached XP level 5. HP: 37/37 MP: 2/14
  2647 | D:3      | Reached XP level 6. HP: 33/44 MP: 2/16
  3106 | D:3      | Learned a level 2 spell: Call Imp
  3450 | D:3      | Slain by an orc wizard

Levels and vault maps discovered:
D:1:      giann_bridges, layout_rooms, minmay_misc_feat_cross
D:2:      layout_basic, serial_corexii_hall, corexii_hall_statues_i,
          chequers_hall_statues_y
D:3:      cheibrodos_pilgrimage, layout_loops_ring, first_ration
D:4:      layout_rooms, nicolae_overflow_crystal_walls, kennysheep_little_box,
          kennysheep_path_1, minmay_misc_feat_secret_circle, interstate_on_off,
          st_stairs_4

Skill      XL: |  1  2  3  4  5 |
---------------+----------------+-----
Conjurations   | 2 |  2.6
Summonings     | 2 |  2.6
Translocations | 2 |  2.6
Invocations    | 1 2 |  2.1
Fighting       | 1 |  1.9
Short Blades   | 1 |  1.9
Long Blades    | 1 |  1.9
Axes           | 1 |  1.9
Maces & Flails | 1 |  1.9
Polearms       | 1 |  1.9
Staves         | 1 |  1.9
Slings         | 1 |  1.9
Bows           | 1 |  1.9
Crossbows      | 1 |  1.9
Throwing       | 1 |  1.9
Armour         | 1 |  1.9
Shields        | 1 |  1.9
Unarmed Combat | 1 |  1.9
Evocations     | 1 |  1.9
Hexes          | 1 |  1.5
Charms         | 1 |  1.5
Necromancy     | 1 |  1.5
Transmutations | 1 |  1.5
Fire Magic     | 1 |  1.5
Ice Magic      | 1 |  1.5
Air Magic      | 1 |  1.5
Earth Magic    | 1 |  1.5
Poison Magic   | 1 |  1.5
Dodging        | |  4.9
Stealth        | |  4.5
Spellcasting   | |  7.4

Action                   |  1- 3 |  4- 6 || total
-------------------------+-------+-------++-------
Melee: Hand axe          |     5 |    41 ||    46
       Bite              |       |     7 ||     7
       Punch             |       |     1 ||     1
 Cast: Magic Dart        |    76 |    95 ||   171
       Mephitic Cloud    |       |    15 ||    15
       Conjure Flame     |       |     8 ||     8
       Call Imp          |       |     8 ||     8
       Blink             |       |     2 ||     2
 Stab: Confused          |       |     6 ||     6
  Eat: Chunk             |       |     7 ||     7
Armor: Robe              |     3 |     8 ||    11
Dodge: Dodged            |     7 |    69 ||    76

Table legend:
 A = Non-vault XP
 B = Vault XP
 C = Vault XP percentage of total XP
 D = Non-vault monster count
 E = Vault monster count
 F = Vault count percentage of total count
                 A         B        C        D         E       F
            +---------+---------+-------+---------+---------+-------
      Total |     373 |      55 |  12.9 |      87 |       6 |   6.5
            +---------+---------+-------+---------+---------+-------
        D:1 |      58 |       0 |   0.0 |      27 |       0 |   0.0
        D:2 |     102 |       0 |   0.0 |      26 |       0 |   0.0
        D:3 |     204 |      55 |  21.2 |      29 |       6 |  17.1
        D:4 |       9 |       0 |   0.0 |       5 |       0 |   0.0
            +---------+---------+-------+---------+---------+-------
